 Dungeon Crawl Stone Soup version 0.18.1-8-gdd0e5ea (webtiles) character file.

248 LORDOFBUTT the Skirmisher (level 5, -10/63 HPs)
             Began as a Demonspawn Berserker on May 26, 2016.
             Was a Believer of Trog.
             Mangled by an ogre
             ... wielding a +0 giant club
              (11 damage)
             ... on level 4 of the Dungeon.
             The game lasted 00:03:15 (2919 turns).

LORDOFBUTT the Skirmisher (Demonspawn Berserker)    Turns: 2919, Time: 00:03:16

Health: -10/63     AC: 22    Str: 18    XL:     5   Next: 86%
Magic:  5/5        EV:  2    Int:  8    God:    Trog [**....]
Gold:   125        SH:  0    Dex: 13    Spells: 0 memorised, 4 levels left

rFire  . . .     SeeInvis .       - Unarmed
rCold  . . .     Gourm    .     (armour currently unavailable)
rNeg   + + +     Faith    .     (no shield)
rPois  +         Spirit   .     (helmet currently unavailable)
rElec  .         Dismiss  .     (cloak currently unavailable)
rCorr  .         Reflect  .     (gloves currently unavailable)
SustAt .         Harm     .     (boots currently unavailable)
MR     +....     NoTele   +     (no amulet)
Stlth  ++........               (no ring)
                                v - ring of protection from magic

@: tree-form, somewhat resistant to hostile enchantments, unstealthy
A: (claws 0), (iridescent scales 0), rot immunity
a: Berserk, Trog's Hand, Burn Spellbooks, Renounce Religion


You were on level 4 of the Dungeon.
You worshipped Trog.
Trog was pleased with you.
You were not hungry.
You were a tree.
You visited 1 branch of the dungeon, and saw 4 of its levels.

You collected 125 gold pieces.

Inventory:

Armour
 a - a +0 animal skin (melded)
 b - a +0 pair of gloves
 h - a +0 cloak (melded)
Jewellery
 v - a ring of protection from magic (left branch)
Scrolls
 j - a scroll of fear
 m - 3 scrolls of blinking
 n - a scroll of fog
 q - 2 scrolls of amnesia {unknown}
 r - 3 scrolls of teleportation
 u - 2 scrolls of remove curse
 x - a scroll of identify
Potions
 d - a potion of ambrosia {unknown}
 e - a potion of flight {unknown}
 f - a potion of heal wounds {unknown}
 g - 4 potions of agility {unknown}
 i - 2 potions of curing {unknown}
 k - a potion of degeneration {unknown}
 l - a potion of beneficial mutation {unknown}
 p - 2 potions of haste {unknown}
 t - a potion of brilliance {unknown}
 z - a potion of might {unknown}
Comestibles
 o - 3 meat rations
 s - a bread ration


   Skills:
 + Level 4.2 Fighting
 + Level 1.9 Armour
 + Level 3.7 Dodging
 + Level 1.1 Stealth
 + Level 3.9 Unarmed Combat


You had 4 spell levels left.
You didn't know any spells.

Dungeon Overview and Level Annotations

Branches:
Dungeon (4/15)
 Temple: D:4-7

Altars:
Ashenzari
Nemelex Xobeh
Qazlal
Zin


Innate Abilities, Weirdness & Mutations

((You have very sharp fingernails.))
((You are partially covered in iridescent scales (AC +4).))
You are immune to rotting.


Message History

There is an open door here.
No target in view!
No target in view!
The ogre shouts!
The ogre hits you with a giant club!
You completely miss the ogre. You scratch the ogre but do no damage.
The ogre hits you with a giant club.
You scratch the ogre.
The ogre is lightly wounded.
The ogre hits you with a giant club!
* * * LOW HITPOINT WARNING * * *
You are too injured to fight recklessly!
You barely miss the ogre.
The ogre is lightly wounded.
Drink which item? (? for menu, Esc to quit)
It was a potion of lignification.
You turn into a tree.
Your +0 cloak melds into your body.
Your +0 animal skin melds into your body.
Your roots penetrate the ground.
The ogre hits you with a giant club!
You die...

####.## #....#.#...##...†.
... #...##.†..##......
##### #...####.........#
#...# #.....[..... #...#
#...##...... #...#
#.......#... #### #+#
#...###...##..#...
##...##.#
#O..#......#..###.
.##.......###♣.>###.####..#
. .....#..#.##...## #...#
... ###..#..#.##...####.###
.......)...'...'....###
....#..#..#...#.#....# .
#..#..#...#.#..<.#
##)...#...#.#....#
####..#...#.##'###
#####...).#...#.##.#


You could see an ogre.

Vanquished Creatures
  An ogre (D:4)
  An iguana (D:4)
  A worker ant (D:4)
  6 adders
  3 oozes (D:3)
  A worm (D:3)
  2 dart slugs (D:2)
  An orc (D:4)
  A ball python (D:2)
  A giant cockroach (D:1)
  5 goblins
  5 hobgoblins
  3 jackals
  A ball python skeleton (D:4)
  4 bats
  A giant gecko skeleton (D:4)
  A giant newt (D:2)
  4 kobolds
  14 rats
56 creatures vanquished.

Notes
Turn   | Place    | Note
--------------------------------------------------------------
     0 | D:1      | LORDOFBUTT the Demonspawn Berserker began the quest for the Orb.
     0 | D:1      | Reached XP level 1. HP: 18/18 MP: 1/1
   254 | D:1      | Gained mutation: You are immune to rotting. [demonic ancestry]
   254 | D:1      | Reached XP level 2. HP: 12/24 MP: 2/2
   664 | D:2      | Reached ** piety under Trog
   745 | D:2      | Gained mutation: You have sharp fingernails. [demonic ancestry]
   745 | D:2      | Reached XP level 3. HP: 19/29 MP: 3/3
   789 | D:2      | Found a sparkling altar of Nemelex Xobeh.
  1041 | D:2      | Found a faded altar to an unknown god.
  1577 | D:3      | Gained mutation: You are partially covered in iridescent scales (AC +4). [demonic ancestry]
  1577 | D:3      | Reached XP level 4. HP: 37/37 MP: 4/4
  1950 | D:3      | Found a shattered altar of Ashenzari.
  2550 | D:4      | Found a stormy altar of Qazlal.
  2606 | D:4      | Gained mutation: You have very sharp fingernails. [demonic ancestry]
  2606 | D:4      | Reached XP level 5. HP: 22/42 MP: 5/5
  2626 | D:4      | Reached skill level 4 in Fighting
  2705 | D:4      | Found a glowing silver altar of Zin.
  2744 | D:4      | Noticed an ogre
  2749 | D:4      | Killed an ogre
  2749 | D:4      | Reached skill level 1 in Stealth
  2905 | D:4      | Noticed an ogre
  2916 | D:4      | HP: 1/42 [ogre/giant club (16)]
  2919 | D:4      | Mangled by an ogre

Skill      XL: |  1  2  3  4  5 |
---------------+----------------+-----
Dodging        | 2 3 |  3.7
Unarmed Combat | 3 |  3.9
Fighting       | 4 |  4.2
Stealth        | 1 |  1.1
Armour         | |  1.9

Action                   |  1- 3 |  4- 6 || total
-------------------------+-------+-------++-------
Melee: Unarmed           |   136 |   131 ||   267
       Punch             |       |     2 ||     2
  Use: Scroll            |     5 |     1 ||     6
       Potion            |       |     1 ||     1
 Stab: Sleeping          |     2 |     2 ||     4
  Eat: Fruit             |     4 |       ||     4
       Bread ration      |     1 |       ||     1
Armor: Animal skin       |    45 |    36 ||    81
Dodge: Dodged            |    75 |    66 ||   141
